 Dungeon Crawl Stone Soup version 0.20.0-4-g10b340a (webtiles) character file.

410 grindst0ne the Blocker (level 7, -8/55 HPs)
             Began as a Formicid Fighter on May 27, 2017.
             Mangled by an ogre
             ... wielding a +0 giant spiked club
              (27 damage)
             ... on level 4 of the Dungeon.
             The game lasted 00:09:29 (3044 turns).

grindst0ne the Blocker (Formicid Fighter)           Turns: 3044, Time: 00:09:30

Health: -8/55      AC: 11    Str: 21    XL:     7   Next: 13%
Magic:  7/7        EV:  7    Int:  7    God:
Gold:   229        SH: 11    Dex: 12    Spells: 6/6 levels left

rFire    + . .     SeeInvis +   a - +1 war axe
rCold    + . .     Gourm    .   c - +0 shield
rNeg     . . .     Faith    .   q - +0 chain mail (curse)
rPois    .         Spirit   .   (helmet unavailable)
rElec    .         Reflect  .   l - +0 cloak
rCorr    .         Harm     .   (no gloves)
MR       .....                  (no boots)
Stlth    ..........             (no amulet)
Regen    0.2/turn               m - ring of protection from cold
MPRegen  0.1/turn               o - ring of protection from fire

@: no status effects
A: permanent stasis, dig shafts and tunnels, four strong arms, antennae 3,
rugged brown scales 1, sense surroundings 1, screaming 1, evolution 1
a: Dig, Shaft Self


You were on level 4 of the Dungeon.
You were not hungry.

You visited 1 branch of the dungeon, and saw 5 of its levels.

You collected 229 gold pieces.

Inventory:

Hand Weapons
 a - a +1 war axe (weapon)
Armour
 b - a +0 scale mail
 c - a +0 shield (worn)
 i - a +0 ring mail
 l - a +0 cloak (worn)
 q - a cursed +0 chain mail (worn)
 z - a +0 plate armour
Jewellery
 m - a ring of protection from cold (left hand)
 n - an uncursed ring of protection from cold
 o - a ring of protection from fire (right hand)
Wands
 s - a wand of confusion (38/48)
 w - a wand of polymorph (11/24)
Scrolls
 h - a scroll of magic mapping
 k - a scroll of enchant weapon
 u - a scroll of fog {unknown}
 y - a scroll of identify
Potions
 d - a potion of might
 e - 2 potions of curing
 g - 2 potions of degeneration
 p - a potion of brilliance
 r - a potion of flight {unknown}
 t - a potion of heal wounds {unknown}
 x - a potion of haste {unknown}
Comestibles
 f - 2 bread rations
 j - 5 fruits
 v - a chunk of flesh


   Skills:
 - Level 4.2 Fighting
 - Level 2.7 Axes
 - Level 3.2 Armour
 + Level 8.2 Shields


You had 6 spell levels left.
You didn't know any spells.

Dungeon Overview and Level Annotations

Branches:
Dungeon (5/15)
 Temple: D:4-7

Altars:

Annotations:
D:3 exclusion: downstairs
D:5 Prince Ribbit


Innate Abilities, Weirdness & Mutations

You cannot be hasted, slowed, berserked, paralysed or teleported.
You can dig through walls and to a lower floor.
Your four strong arms can wield two-handed weapons with a shield.
You have a pair of large antennae on your head. (SInv)
You are partially covered in rugged brown scales. (AC +1, +3% HP)
You passively map a small area around you.
You occasionally shout uncontrollably at your foes.
You evolve.


Message History

r - Retreat! s - Stop attacking. g - Guard the area. f - Follow me.
Anything else - Cancel.
You shout for attention!
You retract your mandibles.
You hit the ogre.
The ogre is lightly wounded.
The ogre hits you with a giant spiked club.
You hit the ogre.
The ogre is moderately wounded.
The ogre hits you with a giant spiked club!
You completely miss the ogre.
The ogre is moderately wounded.
The ogre hits you with a giant spiked club!
You slash the ogre!
The ogre is severely wounded.
The ogre hits you with a giant spiked club!
Your chain mail prevents you from hitting the ogre.
The ogre is severely wounded.
The ogre hits you with a giant spiked club!!
You die...

#.#.#.......#....##.#####
#.#.#######....O.##.#
#...........#..<.'..#
.##.##....####O..######*
.#...........'.........
.#####....####...######
.# #....# #.### .#*
######* ##O## . , ##@# *
* , ### * , , , , *** , ,


You could see an ogre.

Vanquished Creatures
  A scorpion (D:4)
  A howler monkey (D:4)
  2 orc priests (D:4)
  Crazy Yiuf (D:3)
  2 orc wizards (D:4)
  A hound skeleton (D:4)
  A gnoll (D:3)
  6 adders
  2 adder skeletons (D:4)
  A worm (D:2)
  3 dart slugs
  6 leopard geckos
  9 orcs
  8 bats
  3 giant cockroaches
  8 goblins
  7 hobgoblins
  A quokka (D:2)
  A ball python (D:2)
  2 frilled lizards (D:3)
  6 kobolds
  9 rats
81 creatures vanquished.

Notes
Turn   | Place    | Note
-------+----------+-------------------------------------------
     0 | D:1      | grindst0ne the Formicid Fighter began the quest for the Orb.
     0 | D:1      | Reached XP level 1. HP: 18/18 MP: 1/1
   280 | D:1      | Reached XP level 2. HP: 24/24 MP: 2/2
   499 | D:1      | Reached XP level 3. HP: 24/30 MP: 3/3
  1009 | D:2      | Reached skill level 4 in Shields
  1029 | D:2      | Reached XP level 4. HP: 35/37 MP: 4/4
  1080 | D:2      | You fall through a shaft!
  1295 | D:3      | You fall through a shaft for 2 floors!
  1295 | D:5      | Entered Level 5 of the Dungeon
  1305 | D:5      | Noticed Prince Ribbit
  1338 | D:4      | Noticed an ogre
  1543 | D:3      | Reached skill level 5 in Shields
  1972 | D:3      | Reached XP level 5. HP: 40/42 MP: 5/5
  2070 | D:3      | Found a runed door.
  2074 | D:3      | Noticed Crazy Yiuf
  2079 | D:3      | Killed Crazy Yiuf
  2443 | D:4      | Reached skill level 6 in Shields
  2474 | D:4      | Reached XP level 6. HP: 31/48 MP: 6/6
  2677 | D:4      | Reached skill level 7 in Shields
  2824 | D:4      | Reached skill level 8 in Shields
  2824 | D:4      | Reached XP level 7. HP: 54/54 MP: 7/7
  2994 | D:4      | Gained mutation: You occasionally shout uncontrollably at your foes. [potion of mutation]
  2994 | D:4      | Gained mutation: You are partially covered in rugged brown scales. (AC +1, +3% HP) [potion of mutation]
  2994 | D:4      | Gained mutation: You passively map a small area around you. [potion of mutation]
  2994 | D:4      | Gained mutation: You evolve. [potion of mutation]
  3044 | D:4      | Mangled by an ogre

Skill      XL: |  1  2  3  4  5  6 |
---------------+-------------------+-----
Fighting       | 4 |  4.2
Shields        | 4 5 6 8 |  8.2
Axes           | |  2.7
Armour         | |  3.2

Action                   |  1- 3 |  4- 6 |  7- 9 || total
-------------------------+-------+-------+-------++-------
Melee: War axe           |    83 |   139 |    20 ||   242
 Abil: Dig               |     1 |    14 |     1 ||    16
  Use: Scroll            |       |     8 |     2 ||    10
       Potion            |       |       |     1 ||     1
  Eat: Chunk             |     1 |     7 |     1 ||     9
Armor: Scale mail        |    24 |    28 |       ||    52
       Ring mail         |       |    11 |       ||    11
       Chain mail        |       |     7 |     6 ||    13
Dodge: Dodged            |    22 |    51 |     4 ||    77
Block: Shield            |    34 |    94 |     8 ||   136
